 Dungeon Crawl Stone Soup version 0.30-a0-779-g7971cf19c3 (webtiles) character file.

Game seed: 6195426189716972840

28 Dittersdorf the Trooper (level 3, -2/24 HPs)
             Began as a Gargoyle Fighter on Feb 17, 2023.
             Slain by Sigmund
             ... wielding a +2 scythe of flaming
              (7 damage)
             ... on level 2 of the Dungeon.
             The game lasted 00:01:41 (1338 turns).

Dittersdorf the Trooper (Gargoyle Fighter)          Turns: 1338, Time: 00:01:42

Health: -2/24      AC: 12    Str: 21    XL:     3   Next: 12%
Magic:  3/3        EV:  9    Int:  8    God:
Gold:   81         SH:  4    Dex:  9    Spells: 2/2 levels left

rFire   . . .      SeeInvis .    a - +0 flail
rCold   + . .      Faith    .    c - +0 buckler
rNeg    + . .      Spirit   .    b - +0 scale mail
rPois   ∞          Reflect  .    (no helmet)
rElec   +          Harm     .    j - +0 cloak
rCorr   .          Rampage  .    k - +0 pair of gloves
Will    .....                    (no boots) Stlth
                                 (no amulet)
HPRegen 0.24/turn                e - ring of protection from cold
MPRegen 0.08/turn                (no ring)

@: no status effects
A: sickness immunity, AC +3, negative energy resistance 1, electricity
resistance, torment resistance 1, petrification resistance
a: no special abilities


You were on level 2 of the Dungeon.
You visited 1 branch of the dungeon, and saw 3 of its levels.

You collected 81 gold pieces.

Inventory:

Hand Weapons
 a - a +0 flail (weapon)
Armour
 b - a +0 scale mail (worn)
 c - a +0 buckler (worn)
 j - a +0 cloak (worn)
 k - a +0 pair of gloves (worn)
Jewellery
 e - a ring of protection from cold (left hand)
 g - an amulet of faith
Scrolls
 f - 2 scrolls of noise {unknown}
 h - a scroll of teleportation {unknown}
 m - a scroll of vulnerability {unknown}
 n - a scroll of enchant armour {unknown}
 p - 2 scrolls of identify {unknown}
 q - 2 scrolls of fear {unknown}
 r - a scroll of immolation {unknown}
Potions
 d - a potion of might
 i - a potion of curing {unknown}
 l - a potion of degeneration {unknown}
 o - a potion of resistance {unknown}
 s - a potion of attraction {unknown}
 u - 3 potions of heal wounds {unknown}
 v - 2 potions of haste


   Skills:
 + Level 3.7 Fighting
 + Level 2.4 Maces & Flails
 + Level 3.6 Armour
 + Level 3.6 Shields


You had 2 spell levels left.
You didn't know any spells.
Your spell library was empty.

Dungeon Overview and Level Annotations

Branches:
Dungeon (3/15)

Altars:
Uskayaw

Shops:
D:2 [

Annotations:
D:2 Sigmund


Innate Abilities, Weirdness & Mutations

You are immune to sickness and miasma.
Your stone body is resilient. (AC +3)
You are immune to poison.
You resist negative energy. (rN+)
You are resistant to electric shocks. (rElec)
You are resistant to unholy torment.
You are immune to petrification.


Message History

Press: ? - help, Q - select action Dir - look around, f - activate You throw a throwing net.
The throwing net closely misses Sigmund.
Sigmund hits you but does no damage.
Non-targeted confused throw: throwing net
Press: ? - help, Q - select action Dir - look around, f - activate You throw a throwing net.
Sigmund hits you but does no damage.
You feel less confused.
Sigmund hits you with a +2 scythe of flaming.
Sigmund burns you.
You barely miss Sigmund.
Sigmund drinks a potion.
Sigmund seems to speed up.
You hit Sigmund.
Sigmund is lightly wounded.
Sigmund barely misses you.
You closely miss Sigmund.
Sigmund is lightly wounded.
Sigmund barely misses you. Sigmund casts a spell at you.
The magic dart hits you.
You hit Sigmund.
Sigmund is lightly wounded.
Sigmund hits you but does no damage.
You barely miss Sigmund.
Sigmund is lightly wounded.
Sigmund hits you with a +2 scythe of flaming.
Sigmund burns you. You block Sigmund's attack.
You barely miss Sigmund.
Sigmund is lightly wounded.
Sigmund hits you with a +2 scythe of flaming.
* * * LOW HITPOINT WARNING * * *
Sigmund burns you.
* * * LOW HITPOINT WARNING * * *
You sock Sigmund!
Sigmund is moderately wounded.
You block Sigmund's attack.
You hit Sigmund.
Sigmund is heavily wounded.
Sigmund hits you with a +2 scythe of flaming!
You die...

#.# #.# #.# #.#
#.# ########
#######.##
##(.....#
.........#
#.......#
##.#####.#
#..@....# #.#
#.# #.#@._..#
#.#
#.#.###.#.....#
#.#
#.#.....(.....#
#.#
#.#######.#####
#.# #.## #.#
#.# #..# #.#
#.# ##.# #.#
#.# #.# #.# #.#


You could see Sigmund (fast).

Vanquished Creatures
  A dart slug (D:1)
  2 endoplasms
  5 goblins
  A hobgoblin (D:2)
  A quokka (D:1)
  4 ball pythons (D:1)
  4 frilled lizards
  3 kobolds
  3 rats
24 creatures vanquished.

Notes
Turn   | Place    | Note
-------+----------+-------------------------------------------
     0 | D:1      | Dittersdorf the Gargoyle Fighter began the quest for the
                  | Orb.
     0 | D:1      | Reached XP level 1. HP: 14/14 MP: 1/1
   164 | D:1      | Reached XP level 2. HP: 18/19 MP: 2/2
   895 | D:2      | You fall into a shaft and drop 1 floor!
   896 | D:3      | yay!
   906 | D:3      | Identified the +1 leather armour "Sakim" {rPois Dex+3
                  | Stlth-}
  1025 | D:2      | Reached XP level 3. HP: 23/23 MP: 3/3
  1083 | D:2      | Found Ere Kaag's Antique Armour Shoppe.
  1321 | D:2      | Found a hide-covered altar of Uskayaw.
  1322 | D:2      | Noticed Sigmund
  1338 | D:2      | Slain by Sigmund

Illustrated notes

. ... #
.....####.#
.......@..#
.....######
..? .


Turn 896 on D:3: yay!

Levels and vault maps discovered:
D:1:      minmay_arrival_stair_chambers, layout_basic, minmay_misc_feat_encased,
          nicolae_concentric_dashed_squares_mild
D:2:      layout_loops_ring, serial_shops, shop, basic_altar, uniq_jessica,
          uniq_sigmund
D:3:      layout_basic, doesnt_xom_only_xom, dreamdust_ecumenical_altar_grove

Action                     || total
---------------------------++-------
  Melee: Flail             ||    84
  Throw: Throwing net      ||     2
 Armour: Scale mail        ||    46
  Dodge: Dodged            ||    32
  Block: Buckler           ||    17

Table legend: (Time is in decaauts)
 A = Elapsed time spent in this place.
 B = Non-inter-level travel time spent in this place.
 C = Inter-level travel time spent in this place.
 D = Time resting spent in this place.
 E = Time spent auto-exploring this place.
 F = Levels seen in this place.
 G = Mean time per level.
                   A        B        C        D        E       F      G
               +--------+--------+--------+--------+--------+-----+--------+
         Total |   1364 |   1339 |     25 |      0 |   1079 |   3 |  454.7 |
       Dungeon |   1364 |   1339 |     25 |      0 |   1079 |   3 |  454.7 |
               +--------+--------+--------+--------+--------+-----+--------+

Top non-repeatable levels by time:
     D:1: 882 daAuts
     D:2: 448 daAuts
     D:3: 33 daAuts
